 Dungeon Crawl Stone Soup version 0.29.1-14-g9c671dbff4 (webtiles) character file.

Game seed: 3290267064353990631

657 leafyfresh the Magician (level 7, -7/45 HPs)
             Began as a Djinni Ice Elementalist on Feb 18, 2023.
             Was an Initiate of Ashenzari.
             Mangled by an ice beast (19 damage)
             ... on level 5 of the Dungeon.
             The game lasted 00:08:55 (5932 turns).

leafyfresh the Magician (Djinni Ice Elementalist)   Turns: 5932, Time: 00:08:55

Health: -7/45      AC: 11    Str:  7    XL:     7   Next: 85%
Gold:   219        EV: 14    Int: 31    God:    Ashenzari [......] SH:  0 Dex: 13

rFire   + + .      SeeInvis .   e - +0 short sword
rCold   x . .      Faith    .   (no shield)
rNeg    . . .      Spirit   .   a - +0 robe
rPois   ∞          Reflect  .   (no helmet)
rElec   .          Harm     .   f - +0 cloak "Scepticism of Ashenzari" {Evo, Melee} (curse)
rCorr   .          Rampage  .   (no gloves)
Will    .....                   (boots unavailable)
Stlth   ++........              (no amulet)
HPRegen 0.15/turn               q - +6 ring of intelligence
MPRegen 0.00/turn               A - +6 ring of intelligence

@: ice-armoured, flying
A: sickness immunity, fire resistance 2, cold vulnerability 1, float, innate
caster, HP casting, extra vitality 1
a: Renounce Religion, Shatter the Chains


You were on level 5 of the Dungeon.
You worshipped Ashenzari.
Ashenzari was noncommittal.
You visited 1 branch of the dungeon, and saw 5 of its levels.

You collected 219 gold pieces.

Inventory:

Hand Weapons
 e - a +0 short sword (weapon)
 u - a +0 flail of holy wrath
Armour
 a - a +0 robe (worn)
 f - the cursed +0 cloak "Scepticism of Ashenzari" (worn) {Evo, Melee}
   (You found it on level 1 of the Dungeon)

   It has a curse which improves the following skills: Evocations: Evocations.
   Melee Combat: Short Blades, Long Blades, Axes, Maces & Flails, Polearms,
   Staves and Unarmed Combat.
 y - a +0 helmet
Jewellery
 q - a +6 ring of intelligence (left hand)
 w - a ring of ice
 A - a +6 ring of intelligence (right hand)
Wands
 n - a wand of paralysis (10)
 x - a wand of roots (11)
Scrolls
 d - 3 scrolls of identify {unknown}
 h - 2 scrolls of teleportation {unknown}
 j - a scroll of amnesia {unknown}
 m - a scroll of vulnerability {unknown}
 o - a scroll of immolation {unknown}
 r - a scroll of blinking {unknown}
 z - a scroll of noise {unknown}
Potions
 b - 3 potions of attraction
 c - a potion of brilliance
 g - a potion of haste
 i - a potion of berserk rage {unknown}
 k - a potion of curing
 l - a potion of degeneration {unknown}
 s - a potion of mutation {unknown}
 t - a potion of might {unknown}
 v - a potion of lignification {unknown}


   Skills:
 - Level 5.1 Dodging
 - Level 1.6 Stealth
 + Level 6.1 Spellcasting


You had one spell level left.
You knew the following spells:

 Your Spells              Type           Power      Damage    Failure   Level
a - Freeze                Ice            100%       1d11      1%          1
b - Frozen Ramparts       Ice            94%        1d15      1%          3
c - Ozocubu's Armour      Ice            47%        N/A       1%          3
d - Hailstorm             Conj/Ice       47%        3d11      3%          4
e - Apportation           Tloc           94%        N/A       1%          1
f - Call Imp              Summ           47%        N/A       1%          2
g - Conjure Flame         Conj/Fire      47%        6-21      1%          3
Your spell library was empty.

Dungeon Overview and Level Annotations

Branches:
Dungeon (6/15)             Temple (0/1) D:5

Altars:
Ashenzari
Hepliaklqana
Xom

Shops:
D:1 =   D:2 =   D:6 *


Innate Abilities, Weirdness & Mutations

You are immune to sickness and miasma.
You are immune to poison.
Your flesh is very heat resistant. (rF++)
You are vulnerable to cold. (rC-)
You float through the air rather than walking.
You learn spells naturally, not from books.
Your magical power is your life essence.
You have superior vitality. (+4 MHP)


Message History

The ice beast is severely wounded.
The ice beast misses you.
You hit the ice beast but do no damage.
The ice beast is severely wounded.
The ice beast hits you but does no damage.
You hit the ice beast.
The ice beast is severely wounded.
The ice beast hits you but does no damage.
The ice beast closely misses you.
Unknown command.
You hit the ice beast but do no damage.
The ice beast is severely wounded.
The ice beast barely misses you.
Unknown command.
You closely miss the ice beast.
The ice beast is severely wounded.
The ice beast hits you but does no damage.
You feel much better. The ice beast hits you. The ice beast freezes you!
You feel a terrible chill!
Unknown command.
You closely miss the ice beast.
The ice beast is severely wounded.
The ice beast hits you but does no damage.
Unknown command.
You hit the ice beast but do no damage.
The ice beast is severely wounded.
The ice beast hits you but does no damage.
Unknown command.
You hit the ice beast but do no damage.
The ice beast is severely wounded.
The ice beast hits you but does no damage.
Casting: Ozocubu's Armour (safe; 1% risk of failure)
Confirm with . or Enter, or press ? or * to list all spells.
Okay, then.
You hit the ice beast.
The ice beast is almost dead.
The ice beast hits you.
* * * LOW HITPOINT WARNING * * *
The ice beast freezes you!!
You feel a terrible chill!
You die...

.. #. .# ##
... .. .^ ..#
..# #. .# #.#
..... .....
#.#. .#.# ...
...
##.#Y#5#.#.#.
#....@)......
##.#.#)#.#.##
... ... #.#.
.#.# ...##
#### ###


You could see an ice beast (ally target) and a friendly crimson imp (summoned).

Vanquished Creatures
  An acid dragon (D:5)
  A black bear (D:6)
  A phantom (D:6)
  A necrophage (D:6)
  A scorpion (D:6)
  A hound (D:6)
  A jelly (D:6)
  An orc priest (D:3)
  An orc wizard (D:6)
  2 adders
  2 shadow imps
  An ufetubus (D:5)
  A worm (D:3)
  A dart slug (D:3)
  8 orcs
  8 ball pythons
  A bat (D:1)
  5 endoplasms
  4 giant cockroaches
  4 goblins
  3 hobgoblins
  5 jackals
  4 kobolds (D:3)
  2 quokkas
  2 frilled lizards
  3 rats
65 creatures vanquished.

Vanquished Creatures (collateral kills)
  An orc wizard (D:6)
  2 white imps (D:6)
3 creatures vanquished.

Vanquished Creatures (others)
  3 toadstools (D:5)
3 creatures vanquished.

Grand Total: 71 creatures vanquished

Notes
Turn   | Place    | Note
-------+----------+-------------------------------------------
     0 | D:1      | leafyfresh the Djinni Ice Elementalist began the quest for
                  | the Orb.
     0 | D:1      | leafyfresh set off with the following spells memorised:
                  | Freeze, Frozen Ramparts, Ozocubu's Armour, Hailstorm.
     0 | D:1      | Reached XP level 1. HP: 15/15 MP: 0/0
   202 | D:1      | Reached XP level 2. HP: 14/21 MP: 0/0
   789 | D:1      | Found Zeivaygi's Jewellery Shoppe.
   923 | D:2      | Reached XP level 3. HP: 20/25 MP: 0/0
   923 | D:2      | Learned a level 1 spell: Apportation
  1627 | D:2      | Found Ocomum's Jewellery Shoppe.
  2031 | D:3      | Found a broken altar of Ashenzari.
  2049 | D:3      | Became a worshipper of Ashenzari the Shackled
  2729 | D:3      | Reached XP level 4. HP: 31/31 MP: 0/0
  2824 | D:3      | Found a hazy altar of Hepliaklqana.
  3071 | D:3      | Reached skill level 4 in Spellcasting
  3496 | D:3      | Reached XP level 5. HP: 31/35 MP: 0/0
  3496 | D:3      | Learned a level 2 spell: Call Imp
  3831 | D:3      | You are sucked into a shaft and drop 3 floors!
  3897 | D:5      | Entered Level 5 of the Dungeon
  3897 | D:5      | Noticed a black bear
  3897 | D:5      | Noticed an ogre
  4097 | D:6      | Found a shimmering altar of Xom.
  4142 | D:6      | Found Daaqotzo's Fire Supplies.
  4351 | D:6      | Reached XP level 6. HP: 34/40 MP: 0/0
  4553 | D:6      | Reached skill level 5 in Dodging
  4695 | D:6      | Reached skill level 5 in Spellcasting
  5001 | D:6      | Reached XP level 7. HP: 42/45 MP: 0/0
  5001 | D:6      | Learned a level 3 spell: Conjure Flame
  5282 | D:5      | Found a staircase to the Ecumenical Temple.
  5893 | D:5      | Noticed an acid dragon
  5899 | D:5      | Killed an acid dragon
  5900 | D:5      | Reached skill level 6 in Spellcasting
  5932 | D:5      | Mangled by an ice beast

Illustrated notes

Levels and vault maps discovered:
D:1:      dpeg_arrival_prison, layout_loops_ring, serial_shops,
          nicolae_lakefront_shop
D:2:      layout_basic, serial_shops, shop, hex_tiny
D:3:      layout_loops_ring, old_standard_altar, lemuel_tele_altar,
          nicolae_ru_path_of_blood
D:5:      layout_rooms, minmay_temple_entry_from_below_a, st_stairs_10,
          minmay_gold_behind_fungi, nicolae_shop_sticking_my_neck_out
D:6:      layout_gridville, mainiacjoe_overflow_cross_hatched,
          nicolae_shop_fire_sale [nicolae_sub_dead_trees], item_on_display_b

Skill      XL: |  1  2  3  4  5  6  7 |
---------------+----------------------+-----
Dodging        | 3 4 5 |  5.1
Spellcasting   | 4 5 6 |  6.1
Stealth        | |  1.6

Action                   |  1- 3 |  4- 6 |  7- 9 || total
-------------------------+-------+-------+-------++-------
Melee: Unarmed           |    16 |       |       ||    16
       Short sword       |    63 |   117 |    40 ||   220
       Punch             |       |     1 |       ||     1
 Cast: Freeze            |    25 |    10 |     5 ||    40
       Frozen Ramparts   |     3 |     9 |     2 ||    14
       Hailstorm         |       |     2 |       ||     2
       Ozocubu's Armour  |       |     4 |     3 ||     7
       Call Imp          |       |     2 |     3 ||     5
Invok: Curse Item        |       |       |     1 ||     1
  Use: Potion            |       |       |     8 ||     8
 Stab: Sleeping          |     3 |     2 |       ||     5
       Distracted        |     1 |       |       ||     1
Armor: Robe              |    27 |    30 |    28 ||    85
Dodge: Dodged            |    68 |    66 |    47 ||   181
